 Dungeon Crawl Stone Soup version 0.21.1-1-g345015fe64 (webtiles) character file.

24 Osmon the Grave Robber (level 2, -1/19 HPs)
             Began as a Vampire Necromancer on July 11, 2018.
             Slain by a gnoll
             ... wielding a cursed -1 whip
              (5 damage)
             ... on level 2 of the Dungeon.
             The game lasted 00:12:21 (919 turns).

Osmon the Grave Robber (Vampire Necromancer)         Turns: 919, Time: 00:12:22

Health: -1/19      AC:  2    Str:  7    XL:     2   Next: 79%
Magic:  3/5        EV: 13    Int: 17    God:
Gold:   75         SH:  0    Dex: 19    Spells: 3/5 levels left

rFire    . . .     SeeInvis +   (no weapon)
rCold    . . .     Gourm    .   (no shield)
rNeg     + . .     Faith    .   a - +0 robe
rPois    .         Spirit   .   (no helmet)
rElec    .         Reflect  .   (no cloak)
rCorr    .         Harm     .   (no gloves)
MR       .....                  (no boots)
Stlth    +++.......             (no amulet)
HPRegen  0.06/turn              e - +5 ring of dexterity
MPRegen  0.09/turn              (no ring)

@: no status effects
A: fangs 3, see invisible, unbreathing
a: no special abilities


You were on level 2 of the Dungeon.
You were not thirsty.

You visited 1 branch of the dungeon, and saw 2 of its levels.

You collected 75 gold pieces.

Inventory:

Hand Weapons
 k - a +0 spear
Armour
 a - a +0 robe (worn)
Jewellery
 e - a +5 ring of dexterity (left hand)
Scrolls
 f - a scroll of identify
 g - 2 scrolls of remove curse
 j - 2 scrolls of teleportation
Potions
 c - 5 potions of blood
 d - a potion of flight
 h - a potion of cancellation
Books
 b - a book of Necromancy

   Spells                             Type                      Level
   a - Pain                           Necromancy                   1
   b - Animate Skeleton               Necromancy                   1
   c - Vampiric Draining              Necromancy                   3
   d - Regeneration                   Charms/Necromancy            3
   e - Animate Dead                   Necromancy                   4
   f - Borgnjor's Vile Clutch         Necromancy/Earth             5


   Skills:
 * Level 2.5 Dodging
 + Level 3.4 Stealth
 * Level 2.3 Spellcasting
 + Level 4.8 Necromancy


You had 3 spell levels left.
You knew the following spells:

 Your Spells              Type           Power        Failure   Level  Hunger
a - Pain                  Necr           ###.         2%          1    #......
b - Animate Skeleton      Necr           N/A          2%          1    #......


Dungeon Overview and Level Annotations

Branches:
Dungeon (2/15)

Altars:


Innate Abilities, Weirdness & Mutations

You have razor-sharp teeth.
You have supernaturally acute eyesight. (SInv)
You can survive without breathing.


Message History

Aim: a gnoll, wielding a spear of flaming (heavily wounded, chance to defeat MR: 84%)
The gnoll barely resists.
The gnoll hits you from afar with a spear of flaming.
* * * LOW HITPOINT WARNING * * *
The gnoll burns you.
* * * LOW HITPOINT WARNING * * *
The gnoll throws a throwing net.
The throwing net misses you.
You see here a throwing net.
As you read the scroll of fear, it crumbles to dust.
You assume a fearsome visage.
The gnoll looks frightened! x3
Cornered, the gnoll turns to fight!
You see here a throwing net.
You see here a throwing net.
Casting: Pain
Confirm with . or Enter, or press ? or * to list all spells.
Aiming: Pain
Press: ? - help, Shift-Dir - straight line, f - gnoll
Aim: a gnoll, wielding a whip (chance to defeat MR: 84%)
The gnoll writhes in agony!
The gnoll hits you with a whip.
You die...

.#######..#.#
#####.#........##
.#.. ...#.#
#.............#
.#.#####.##.#
#.............#
.#.#.. ..##.#
#......#'######
.#.#..... .#
####.#......#
.#.#.#. .## #.
#.#......# .#[#<.
....#.#
#.#......# .#.#.#
#...####.#.#.####
...#.#
#...g@.....#.#
.....#
#...####.###..
.##.<# #### #+#
#### .##.## ..#.#
#.#.. .### ..


You could see a gnoll.

Vanquished Creatures
  An ooze (D:2)
  A dart slug (D:1)
  A goblin (D:1)
  3 hobgoblins (D:1)
  A bat (D:1)
  5 kobolds (D:1)
  6 rats
18 creatures vanquished.

Vanquished Creatures (collateral kills)
  A bat (D:1)
1 creature vanquished.

Grand Total: 19 creatures vanquished

Notes
Turn   | Place    | Note
-------+----------+-------------------------------------------
     0 | D:1      | Osmon the Vampire Necromancer began the quest for the Orb.
     0 | D:1      | Reached XP level 1. HP: 13/13 MP: 3/3
    51 | D:1      | Learned a level 1 spell: Animate Skeleton
   228 | D:1      | Reached XP level 2. HP: 17/19 MP: 3/5
   919 | D:2      | Slain by a gnoll

Action                   || total
-------------------------++-------
Melee: Unarmed           ||    33
       Bite              ||     5
 Cast: Pain              ||    29
       Animate Skeleton  ||     4
  Use: Scroll            ||     6
       Potion            ||     1
Armor: Robe              ||     8
Dodge: Dodged            ||    33
